 Dungeon Crawl Stone Soup version 0.18.1-48-g4cf74bf (webtiles) character file.

476 Inkary the Twirler (level 6, 0/56 HPs)
             Began as a Minotaur Gladiator on July 30, 2016.
             Slain by an ogre
             ... wielding a +0 giant club
              (19 damage)
             ... on level 5 of the Dungeon.
             The game lasted 00:03:33 (2586 turns).

Inkary the Twirler (Minotaur Gladiator)             Turns: 2586, Time: 00:03:34

Health: 0/56       AC:  3    Str: 19    XL:     6   Next: 85%
Magic:  5/5        EV: 13    Int:  5    God:
Gold:   367        SH:  0    Dex: 13    Spells: 0 memorised, 5 levels left

rFire  . . .     SeeInvis .     a - +0 quarterstaff
rCold  . . .     Gourm    .     b - +0 leather armour
rNeg   . . .     Faith    .     (shield currently unavailable)
rPois  .         Spirit   .     c - +0 hat
rElec  .         Dismiss  .     (no cloak)
rCorr  .         Reflect  .     (no gloves)
SustAt .         Harm     .     (no boots)
MR     .....                    (no amulet)
Stlth  +.........               (no ring)
                                (no ring)

@: not resistant to hostile enchantments, very unstealthy
A: retaliatory headbutt, horns 2
a: no special abilities


You were on level 5 of the Dungeon.
You were not hungry.

You visited 1 branch of the dungeon, and saw 5 of its levels.

You collected 367 gold pieces.

Inventory:

Hand Weapons
 a - a +0 quarterstaff (weapon)
Missiles
 d - 3 throwing nets (quivered)
Armour
 b - a +0 leather armour (worn)
 c - a +0 hat (worn)
Jewellery
 p - an uncursed ring of protection from magic {unknown}
 u - an uncursed amulet of magic regeneration {unknown}
 A - a cursed amulet of inaccuracy {unknown}
 D - an uncursed ring of flight {unknown}
 F - an uncursed amulet of the gourmand {unknown}
Scrolls
 e - 8 scrolls of identify {unknown}
 g - 3 scrolls of random uselessness {unknown}
 j - a scroll of fog {unknown}
 k - 2 scrolls of fear {unknown}
 l - a scroll of recharging {unknown}
 m - 3 scrolls of remove curse {unknown}
 n - a scroll of enchant weapon {unknown}
 s - a scroll of blinking {unknown}
 v - 2 scrolls of amnesia {unknown}
 x - a scroll of enchant armour {unknown}
 y - a scroll of teleportation {unknown}
 E - a scroll of immolation {unknown}
Potions
 h - a potion of cancellation {unknown}
 r - 2 potions of mutation {unknown}
 w - a potion of magic {unknown}
 z - a potion of agility {unknown}
 B - 2 potions of curing {unknown}
Books
 o - a book of the Warp

   Spells                             Type                      Level
   a - Recall                         Summoning/Translocation      3
   b - Gell's Gravitas                Hexes/Translocation          3
   c - Force Lance                    Conjuration/Translocation    4
   d - Warp Weapon                    Charms/Translocation         5
   e - Summon Forest                  Summoning/Translocation      5
Comestibles
 f - 6 bread rations
 i - a meat ration
 q - a beef jerky
 t - 7 fruits
 G - a slice of pizza


   Skills:
 + Level 5.0 Fighting
 + Level 5.3 Staves
 + Level 3.9 Throwing
 + Level 2.8 Armour
 - Level 4.4 Dodging


You had 5 spell levels left.
You didn't know any spells.

Dungeon Overview and Level Annotations

Branches:
Dungeon (5/15)
 Temple: D:4-7

Altars:
Fedhas
Makhleb
Pakellas
Xom
The Shining One

Shops:
D:4 (   D:5 %


Innate Abilities, Weirdness & Mutations

You reflexively headbutt those who attack you in melee.
You have a pair of horns on your head.


Message History

An ogre is nearby!
An ogre is nearby!
The ogre closely misses you.
You completely miss the ogre. The ogre hits you with a giant club!!
You sock the ogre!
The ogre is moderately wounded.
The ogre completely misses you.
You sock the ogre!
The ogre is heavily wounded.
A giant cockroach comes into view.
You hit the ogre. You headbutt the ogre.
The ogre is almost dead.
The giant cockroach moves out of view.
The ogre barely misses you.
You hit the ogre but do no damage. You headbutt the ogre.
The ogre is almost dead.
The ogre hits you with a giant club!
You hit the ogre but do no damage.
The ogre is almost dead.
The ogre hits you with a giant club!!
You die...

#...#.........#...........
#...#.........#####...<...
##............###.........
#.....#####..#[..........
#.#......................
##.###....................
#..# ######......... #.##
#...........### #.#
#@###......... #.# #O#
##....... #.# #s# #......#
#.# #..# #......#
#.#####..#####......#
#...................#
#####.#######...)######
#####.# ###..))...##
#.....## #.#####..###


You could see an ogre and a giant cockroach.

Vanquished Creatures
  A howler monkey (D:4)
  3 crimson imps
  A gnoll shaman (D:5)
  A giant frog skeleton (D:4)
  2 orc wizards (D:4)
  3 worker ants
  4 adders
  3 gnolls (D:5)
  2 oozes
  A dart slug (D:2)
  5 giant geckos
  8 orcs
  5 goblins
  7 hobgoblins
  2 jackals (D:4)
  8 kobolds
  A quokka (D:2)
  3 bats (D:2)
  7 giant newts
  A quokka zombie (D:5)
  4 rats
72 creatures vanquished.

Vanquished Creatures (others)
  An ice dragon (D:4)
  A kobold (D:1)
  A bush (D:4)
3 creatures vanquished.

Grand Total: 75 creatures vanquished

Notes
Turn   | Place    | Note
--------------------------------------------------------------
     0 | D:1      | Inkary the Minotaur Gladiator began the quest for the Orb.
     0 | D:1      | Reached XP level 1. HP: 18/18 MP: 0/0
   198 | D:1      | Reached XP level 2. HP: 15/25 MP: 1/1
   556 | D:2      | Found a blossoming altar of Fedhas.
   580 | D:2      | Reached XP level 3. HP: 26/31 MP: 2/2
   936 | D:2      | Reached XP level 4. HP: 27/38 MP: 3/3
  1084 | D:2      | Found a glowing golden altar of the Shining One.
  1386 | D:3      | Found a shimmering altar of Xom.
  1387 | D:3      | Found a shimmering altar of Xom.
  1613 | D:3      | Found a burning altar of Makhleb.
  1667 | D:4      | Found Besoete's Weapon Shop.
  1806 | D:4      | Reached XP level 5. HP: 41/46 MP: 4/4
  1987 | D:4      | Reached skill level 1 in Armour
  2008 | D:4      | Found an oddly glowing altar of Pakellas.
  2009 | D:4      | Noticed an ice dragon
  2017 | D:4      | Killed an ice dragon
  2131 | D:4      | Reached skill level 5 in Staves
  2131 | D:4      | Reached XP level 6. HP: 43/53 MP: 5/5
  2251 | D:5      | Entered Level 5 of the Dungeon
  2518 | D:5      | Found Tuorya's Food Boutique.
  2542 | D:5      | Reached skill level 5 in Fighting
  2586 | D:5      | Slain by an ogre

Skill      XL: |  1  2  3  4  5  6 |
---------------+-------------------+-----
Fighting       | 3 4 5 |  5.0
Staves         | 4 5 |  5.3
Dodging        | 4 |  4.4
Throwing       | 3 |  3.9
Armour         | 1 2 |  2.8

Action                   |  1- 3 |  4- 6 || total
-------------------------+-------+-------++-------
Melee: Quarterstaff      |    81 |   108 ||   189
       Headbutt          |     9 |    28 ||    37
 Stab: Sleeping          |       |     1 ||     1
  Eat: Chunk             |       |     5 ||     5
Armor: Leather armour    |    23 |    15 ||    38
Dodge: Dodged            |    74 |    67 ||   141
